[Event "DVM U12 2019"]
[Site "Magedburg"]
[Date "2019.12.29"]
[Round "5"]
[White "Richter, Nicholas"]
[Black "Makarov, Mark Alexander"]
[Result "1-0"]
[ECO "D31"]
[WhiteElo "1448"]
[BlackElo "1243"]
[Annotator "NA"]
[PlyCount "105"]
[EventDate "2019.12.27"]
[EventType "team-tourn"]
[EventRounds "7"]
[EventCountry "GER"]
[SourceTitle "playchess.com"]
[Source "ChessBase"]
[SourceQuality "1"]
[WhiteTeam "USV TU Dresden"]
[BlackTeam "SV Multatuli Ingelheim"]
[WhiteTeamCountry "GER"]
[TimeControl "40/5400+30:1800+30"]

1. d4 d5 2. c4 e6 3. Nc3 Bb4 4. e3 Nf6 5. Nge2 Ne4 6. Qc2 Nxc3 7. Nxc3 O-O 8. Bd3 Re8 9. Bxh7+ Kh8 10. Bd3 c5 11. dxc5 dxc4 12. Bxc4 Bxc5 13. O-O Bd6 14. Bb5 Rf8 15. Rd1 a6 16. Be2 g6 17. Ne4 Qc7 18. Qxc7 Bxc7 19. b3 Be5 20. Rb1 b5 21. Bb2 Bxb2 22. Rxb2 Bb7 23. Bf3 f5 24. Ng5 Bxf3 25. Nxf3 Nc6 26. g3 e5 27. Rd6 e4 28. Nh4 Ne7 29. Re6 g5 30. Ng6+ Nxg6 31. Rxg6 Rg8 32. Rxg8+ Rxg8 33. Rd2 g4 34. Rd6 Ra8 35. Rf6 Rd8 36. Rxf5 Rd1+ 37. Kg2 Ra1 38. a4 bxa4 39. Ra5 a3 40. Rxa6 a2 41. b4 Kg7 42. b5 Rb1 43. Rxa2 Rxb5 44. Ra4 Kf6 45. Rxe4 Kf5 46. Rf4+ Kg5 47. h3 gxh3+ 48. Kxh3 Kh6 49. Kg4 Rg5+ 50. Kf3 Kh7 51. e4 Kg7 52. Rf5 Kh6 53. Rxg5 {[%emt 0:00:06] normal} 1-0

[Event "DVM U12 2019"]
[Site "Magedburg"]
[Date "2019.12.29"]
[Round "5"]
[White "Bangiev, Anton"]
[Black "Tietz, Bennit"]
[Result "0-1"]
[ECO "C47"]
[WhiteElo "1431"]
[BlackElo "1637"]
[Annotator "NA"]
[PlyCount "52"]
[EventDate "2019.12.27"]
[EventType "team-tourn"]
[EventRounds "7"]
[EventCountry "GER"]
[SourceTitle "playchess.com"]
[Source "ChessBase"]
[SourceQuality "1"]
[WhiteTeam "Schachzentrum Bemerode"]
[BlackTeam "Hamburger SK"]
[WhiteTeamCountry "GER"]
[BlackTeamCountry "GER"]
[TimeControl "40/5400+30:1800+30"]

1. e4 e5 2. Nf3 Nc6 3. Nc3 Nf6 4. g3 Bc5 5. Bg2 d6 6. O-O a6 7. d3 Be6 8. Re1 h6 9. Qe2 O-O 10. Be3 Qd7 11. Qd2 Ng4 12. a3 Nxe3 13. fxe3 Bb6 14. d4 Bg4 15. Nd5 Ba7 16. c3 Be6 17. dxe5 dxe5 18. Rad1 Rad8 19. Qe2 Qc8 20. Nxe5 Bxd5 21. Nxc6 Bxc6 22. Rf1 Rfe8 23. Rxd8 Rxd8 24. Kh1 Qe6 25. Qf3 Rd2 26. Rb1 Rxg2 {[%emt 0:00:08] normal} 0-1

[Event "DVM U12 2019"]
[Site "Magedburg"]
[Date "2019.12.29"]
[Round "5"]
[White "Römer, Uri"]
[Black "Spranger, Tobias"]
[Result "0-1"]
[ECO "C50"]
[WhiteElo "1311"]
[BlackElo "1390"]
[Annotator "NA"]
[PlyCount "42"]
[EventDate "2019.12.27"]
[EventType "team-tourn"]
[EventRounds "7"]
[EventCountry "GER"]
[SourceTitle "playchess.com"]
[Source "ChessBase"]
[SourceQuality "1"]
[WhiteTeam "SF Brackel"]
[BlackTeam "SV Empor Berlin"]
[BlackTeamCountry "GER"]
[TimeControl "40/5400+30:1800+30"]

1. e4 e5 2. Nf3 Nc6 3. Bc4 Bc5 4. d3 Nf6 5. Nc3 d6 6. h3 h6 7. Be3 Bb6 8. Qd2 Be6 9. Bb3 Qd7 10. O-O-O Nd4 11. Bxd4 exd4 12. Ba4 c6 13. Ne2 O-O 14. Nexd4 Bxd4 15. Nxd4 Bxa2 16. g4 b5 17. Bb3 Bxb3 18. Nxb3 a5 19. Nxa5 Qa7 20. Nb3 Qa1+ 21. Nxa1 {normal} Rxa1# {normal} 0-1

[Event "DVM U12 2019"]
[Site "Magedburg"]
[Date "2019.12.29"]
[Round "5"]
[White "Strauß, Florian"]
[Black "Espig, Nils"]
[Result "1/2-1/2"]
[ECO "B30"]
[WhiteElo "1303"]
[BlackElo "1596"]
[Annotator "NA"]
[PlyCount "105"]
[EventDate "2019.12.27"]
[EventType "team-tourn"]
[EventRounds "7"]
[EventCountry "GER"]
[SourceTitle "playchess.com"]
[Source "ChessBase"]
[SourceQuality "1"]
[WhiteTeam "SV Multatuli Ingelheim"]
[BlackTeam "USV TU Dresden"]
[BlackTeamCountry "GER"]
[TimeControl "40/5400+30:1800+30"]

1. e4 c5 2. Nf3 Nc6 3. c4 g6 4. Be2 Bg7 5. Nc3 Nf6 6. d3 O-O 7. Bg5 d6 8. Qd2 Re8 9. O-O-O Qa5 10. a3 a6 11. h4 b5 12. cxb5 axb5 13. Nd5 Qxd2+ 14. Bxd2 Nxd5 15. exd5 Na5 16. Kc2 Nb7 17. d4 c4 18. Ng5 Bxd4 19. f4 Nc5 20. g4 h5 21. Bb4 Nb3 22. Bc3 Bxc3 23. Kxc3 hxg4 24. Rdg1 f5 25. h5 Kg7 26. h6+ Kg8 27. h7+ Kg7 28. Nf7 Kxf7 29. h8=Q Rxh8 30. Rxh8 Bb7 31. Rxa8 Bxa8 32. a4 bxa4 33. Bxc4 Kf6 34. Bxb3 axb3 35. Rd1 g5 36. fxg5+ Kxg5 37. Kd4 Bb7 38. Re1 Bxd5 39. Kxd5 e5 40. Kxd6 e4 41. Ke5 g3 42. Rf1 Kg4 43. Rxf5 g2 44. Rf8 e3 45. Ke4 e2 46. Rg8+ Kh3 47. Kf3 e1=Q 48. Rh8+ Qh4 49. Rxh4+ Kxh4 50. Kxg2 Kg4 51. Kf2 Kf4 52. Ke2 Ke4 53. Kd2 {normal} 1/2-1/2

[Event "DVM U12 2019"]
[Site "Magedburg"]
[Date "2019.12.29"]
[Round "6"]
[White "von Mettenheim, Johannes"]
[Black "Hecht, Jonas Christian"]
[Result "0-1"]
[ECO "D19"]
[WhiteElo "1971"]
[BlackElo "1754"]
[Annotator "NA"]
[PlyCount "45"]
[EventDate "2019.12.27"]
[EventType "team-tourn"]
[EventRounds "7"]
[EventCountry "GER"]
[SourceTitle "playchess.com"]
[Source "ChessBase"]
[SourceQuality "1"]
[WhiteTeam "Schachzentrum Bemerode"]
[BlackTeam "SC Kreuzberg"]
[WhiteTeamCountry "GER"]
[TimeControl "40/5400+30:1800+30"]

1. d4 d5 2. c4 c6 3. Nf3 Nf6 4. Nc3 dxc4 5. a4 Bf5 6. e3 e6 7. Bxc4 Bb4 8. O-O O-O 9. Qe2 Bg6 10. Ne5 Nbd7 11. Nxg6 hxg6 12. Rd1 Re8 13. Qc2 Qa5 14. Bd2 Qh5 15. e4 Qh4 16. g3 Qh5 17. Kg2 e5 18. Qb3 Rf8 19. Be2 Ng4 20. h3 exd4 21. Qxb4 dxc3 22. Bxg4 Qc5 23. Bxc3 {[%emt 0:00:22] normal} 0-1

[Event "DVM U12 2019"]
[Site "Magedburg"]
[Date "2019.12.29"]
[Round "6"]
[White "Freude, Max"]
[Black "Kageler, Anton Paul"]
[Result "1/2-1/2"]
[ECO "A01"]
[WhiteElo "1809"]
[BlackElo "1777"]
[Annotator "NA"]
[PlyCount "95"]
[EventDate "2019.12.27"]
[EventType "team-tourn"]
[EventRounds "7"]
[EventCountry "GER"]
[SourceTitle "playchess.com"]
[Source "ChessBase"]
[SourceQuality "1"]
[WhiteTeam "SV Empor Berlin"]
[BlackTeam "SV Roter Turm Halle"]
[WhiteTeamCountry "GER"]
[BlackTeamCountry "GER"]
[TimeControl "40/5400+30:1800+30"]

1. b3 Nf6 2. Bb2 g6 3. e3 Bg7 4. Nf3 O-O 5. c4 d6 6. Be2 Nbd7 7. Nc3 e5 8. O-O Re8 9. d3 c6 10. Qc2 a6 11. Rfd1 d5 12. cxd5 cxd5 13. Na4 Qe7 14. Rac1 Rb8 15. Nc5 b6 16. Nxd7 Nxd7 17. e4 d4 18. Qd2 Bb7 19. Rc2 Rbc8 20. Rdc1 Nc5 21. b4 Ne6 22. Rxc8 Rxc8 23. Rxc8+ Bxc8 24. Qc2 Bb7 25. a3 f5 26. Bf1 Qc7 27. Qb3 Qf7 28. Qc2 Qc7 29. Qb3 Qf7 30. Nd2 b5 31. Qc2 Qc7 32. Qxc7 Nxc7 33. f3 Bh6 34. Nb3 Ne6 35. Bc1 Bg7 36. Kf2 Kf7 37. g3 Ke7 38. Be2 Kd6 39. Bd1 h6 40. Na5 Bc8 41. Bb3 Kc7 42. Bd5 Bd7 43. Ke2 Bf8 44. Bd2 Bg7 45. h4 Bf8 46. Kf2 Bg7 47. Kg2 Kb6 {[%emt 0:03:54] normal} 48. Kf2 {[%emt 0:02:49] normal} 1/2-1/2

[Event "DVM U12 2019"]
[Site "Magedburg"]
[Date "2019.12.29"]
[Round "6"]
[White "Fuhrmann, Bahne"]
[Black "Kempe, Caius Emilian"]
[Result "1-0"]
[ECO "B38"]
[WhiteElo "1603"]
[BlackElo "1832"]
[Annotator "NA"]
[PlyCount "211"]
[EventDate "2019.12.27"]
[EventType "team-tourn"]
[EventRounds "7"]
[EventCountry "GER"]
[SourceTitle "playchess.com"]
[Source "ChessBase"]
[SourceQuality "1"]
[WhiteTeam "Hamburger SK"]
[BlackTeam "USV TU Dresden"]
[WhiteTeamCountry "GER"]
[BlackTeamCountry "GER"]
[TimeControl "40/5400+30:1800+30"]

1. e4 c5 2. Nf3 Nc6 3. d4 cxd4 4. Nxd4 g6 5. c4 Bg7 6. Be3 Nf6 7. Nc3 d6 8. Qd2 O-O 9. f3 Bd7 10. Be2 Nxd4 11. Bxd4 a5 12. a4 Be6 13. b3 Nd7 14. Be3 b6 15. Rb1 Nc5 16. O-O Qd7 17. Nd5 Bxd5 18. cxd5 Rfc8 19. Bb5 Qd8 20. Bc6 Ra7 21. Kh1 Rb8 22. Rfc1 Bf6 23. Rc2 Bg7 24. Qe2 Bf6 25. Qb5 Kg7 26. b4 axb4 27. Qxb4 Ra5 28. Qc4 Qc7 29. Bd2 Ra7 30. Qb4 Qd8 31. Ra2 Na6 32. Qc4 Qc7 33. Be3 Nc5 34. Qb4 Ra5 35. Bd2 Qd8 36. Qc4 Ra7 37. Qb5 Na6 38. Be3 Nc5 39. a5 Bc3 40. a6 Qc7 41. Bxc5 dxc5 42. Rc2 Be5 43. Bb7 Bxh2 44. Qxb6 Qxb6 45. Rxb6 Bc7 46. Rbb2 Bd6 47. Kg1 Be5 48. Rb6 Bd4+ 49. Kf1 Kf8 50. Ke2 Rd8 51. Kd3 Rd6 52. Rc6 Ke8 53. Kc4 Kd7 54. Kb5 Rxc6 55. dxc6+ Kc7 56. g4 h6 57. Rh2 Be3 58. Rh1 e5 59. Kc4 Kb6 60. Kd5 Kc7 61. Kxe5 Bd4+ 62. Kd5 Be3 63. Kc4 Kb6 64. Kd3 Bf4 65. Rb1+ Kc7 66. Ke2 Bd6 67. Rd1 f6 68. Rd5 c4 69. Kd2 Be5 70. Rd7+ Kb6 71. Rg7 g5 72. Rh7 Rxa6 73. Bxa6 Kxa6 74. Rb7 Bd4 75. Ke2 Bb6 76. Rf7 Bd4 77. Rd7 Be5 78. Rb7 Bd4 79. Rb1 Bb6 80. Rb4 Bc7 81. Rxc4 Kb6 82. Kd3 Be5 83. Kc2 Kc7 84. Kb3 Bd6 85. Ka4 Kb6 86. Rc2 Bc7 87. Kb3 Bd6 88. Rc1 Be5 89. Rh1 Kxc6 90. Rxh6 Kc5 91. Kc2 Kd4 92. Kd2 Bf4+ 93. Ke2 Be5 94. Rh1 Bf4 95. Rd1+ Kc4 96. Rd5 Be5 97. Kd2 Bf4+ 98. Kc2 Be5 99. Rd7 Bf4 100. Kb2 Be5+ 101. Ka3 Kb5 102. Kb3 Kc6 103. Rd5 Bf4 104. Kc4 {[%emt 0:00:06] normal} Be5 {[%emt 0:00:13] normal} 105. Rc5+ Kd6 106. Kb5 {[%emt 0:00:22] normal} 1-0

[Event "DVM U12 2019"]
[Site "Magedburg"]
[Date "2019.12.29"]
[Round "6"]
[White "Espig, Nils"]
[Black "Krüger, Arthur"]
[Result "1/2-1/2"]
[ECO "C11"]
[WhiteElo "1596"]
[BlackElo "1693"]
[Annotator "NA"]
[PlyCount "90"]
[EventDate "2019.12.27"]
[EventType "team-tourn"]
[EventRounds "7"]
[EventCountry "GER"]
[SourceTitle "playchess.com"]
[Source "ChessBase"]
[SourceQuality "1"]
[WhiteTeam "USV TU Dresden"]
[BlackTeam "Hamburger SK"]
[WhiteTeamCountry "GER"]
[TimeControl "40/5400+30:1800+30"]

1. e4 e6 2. d4 d5 3. Nc3 Nf6 4. e5 Nfd7 5. Nce2 c5 6. c3 Nc6 7. f4 Be7 8. Nf3 b6 9. Ng3 Qc7 10. Be2 a5 11. a4 Ba6 12. Bxa6 Rxa6 13. Qe2 Ra8 14. O-O O-O 15. Be3 Qb7 16. Rac1 Qa6 17. Qxa6 Rxa6 18. Nd2 Rc8 19. f5 Raa8 20. fxe6 fxe6 21. Nb1 cxd4 22. cxd4 Nb4 23. Nc3 h6 24. Rfd1 Nf8 25. Nb5 Nc2 26. Bd2 Nb4 27. b3 Nd7 28. Rxc8+ Rxc8 29. Rc1 Rxc1+ 30. Bxc1 Nb8 31. Ne2 N8c6 32. Bd2 Kf7 33. g3 Nb8 34. Kg2 g5 35. Kf3 Kg6 36. g4 Kf7 37. h3 N8c6 38. Kf2 Bf8 39. Kg3 Be7 40. Kg2 Nd3 41. Kf1 Ndb4 42. Be3 Nc2 43. Bf2 N6b4 44. Nc1 Nc6 45. Ne2 N2b4 {[%emt 0:02:05] normal} 1/2-1/2

[Event "DVM U12 2019"]
[Site "Magedburg"]
[Date "2019.12.29"]
[Round "6"]
[White "Held, Momme Fredrik"]
[Black "Rehbein, Vitus"]
[Result "1-0"]
[ECO "A20"]
[WhiteElo "1573"]
[BlackElo "1547"]
[Annotator "NA"]
[PlyCount "81"]
[EventDate "2019.12.27"]
[EventType "team-tourn"]
[EventRounds "7"]
[EventCountry "GER"]
[SourceTitle "playchess.com"]
[Source "ChessBase"]
[SourceQuality "1"]
[WhiteTeam "SC Kreuzberg"]
[BlackTeam "Schachzentrum Bemerode"]
[WhiteTeamCountry "GER"]
[BlackTeamCountry "GER"]
[TimeControl "40/5400+30:1800+30"]

1. c4 e5 2. g3 Nf6 3. Bg2 g6 4. Nc3 Bg7 5. e4 Nc6 6. Nge2 O-O 7. O-O d6 8. d3 Be6 9. h3 Qd7 10. Kh2 Ne8 11. f4 f5 12. Be3 Ne7 13. Qd2 c6 14. Rab1 Nc7 15. b4 b6 16. a4 Rab8 17. b5 c5 18. Nd5 Rf7 19. a5 Bxd5 20. exd5 Ra8 21. a6 Re8 22. Rbe1 Kh8 23. Ng1 Ng8 24. Nf3 Rfe7 25. Ng5 Qc8 26. Qc2 Bf6 27. Nf3 Qd7 28. Qd2 Qc8 29. Rf2 e4 30. dxe4 Rxe4 31. Ng5 R4e7 32. Rfe2 h6 33. Nf3 Qd7 34. Bf2 Rxe2 35. Rxe2 Rxe2 36. Qxe2 Qe7 37. Qxe7 Bxe7 38. g4 {[%emt 0:00:12] normal} Nf6 39. gxf5 {[%emt 0:00:49] normal} gxf5 {[%emt 0:01:32] normal} 40. Nh4 {[%emt 0:00:33] normal} Nh5 41. Ng6+ {[%emt 0:30:20] normal} 1-0

[Event "DVM U12 2019"]
[Site "Magedburg"]
[Date "2019.12.29"]
[Round "6"]
[White "Malchereck, Zion"]
[Black "Richter, Nicholas"]
[Result "1-0"]
[ECO "B24"]
[WhiteElo "1543"]
[BlackElo "1448"]
[Annotator "NA"]
[PlyCount "79"]
[EventDate "2019.12.27"]
[EventType "team-tourn"]
[EventRounds "7"]
[EventCountry "GER"]
[SourceTitle "playchess.com"]
[Source "ChessBase"]
[SourceQuality "1"]
[WhiteTeam "Hamburger SK"]
[BlackTeam "USV TU Dresden"]
[WhiteTeamCountry "GER"]
[BlackTeamCountry "GER"]
[TimeControl "40/5400+30:1800+30"]

1. e4 c5 2. Nc3 Nc6 3. Bb5 Nd4 4. f4 Nxb5 5. Nxb5 d6 6. d3 g6 7. Nf3 Bg7 8. Nc3 e6 9. O-O Ne7 10. Qe1 O-O 11. Qh4 a6 12. a4 Nc6 13. Qf2 Qc7 14. Kh1 b6 15. Ne2 Bb7 16. c3 Ne7 17. Qh4 Rac8 18. Ng5 h6 19. Nf3 Kh7 20. Ng3 Qd7 21. Ng5+ Kg8 22. Nf3 Kh7 23. Bd2 b5 24. axb5 axb5 25. Rae1 Rce8 26. Be3 Qc7 27. Kg1 Ba8 28. d4 Bb7 29. dxc5 dxc5 30. Rd1 Rd8 31. Ne5 Rxd1 32. Rxd1 Bxe5 33. fxe5 h5 34. Qg5 Ng8 35. Rf1 Ba8 36. Rf6 Bb7 {[%emt 0:00:29] normal} 37. Nxh5 {[%emt 0:04:08] normal} Bxe4 {[%emt 0:02:26] normal} 38. Rf4 {[%emt 0:01:25] normal} Bf5 39. Nf6+ {[%emt 0:01:00] normal} Kg7 40. Rh4 {[%emt 0:00:24] normal} 1-0

[Event "DVM U12 2019"]
[Site "Magedburg"]
[Date "2019.12.29"]
[Round "6"]
[White "Fruth, David"]
[Black "Brandstrup, Luca Alexander"]
[Result "1-0"]
[ECO "B55"]
[WhiteElo "1473"]
[BlackElo "1602"]
[Annotator "NA"]
[PlyCount "123"]
[EventDate "2019.12.27"]
[EventType "team-tourn"]
[EventRounds "7"]
[EventCountry "GER"]
[SourceTitle "playchess.com"]
[Source "ChessBase"]
[SourceQuality "1"]
[WhiteTeam "USV TU Dresden"]
[BlackTeam "Hamburger SK"]
[WhiteTeamCountry "GER"]
[BlackTeamCountry "GER"]
[TimeControl "40/5400+30:1800+30"]

1. e4 c5 2. Nf3 d6 3. d4 cxd4 4. Nxd4 Nf6 5. f3 e5 6. Bb5+ Nbd7 7. Nf5 d5 8. exd5 a6 9. Ba4 b5 10. Bb3 Nc5 11. Ne3 Nxb3 12. axb3 Bc5 13. c4 Qb6 14. Qd3 Bd7 15. Nc3 Bb4 16. O-O g6 17. Kh1 Qd4 18. Qc2 Qc5 19. Ne4 Qe7 20. d6 Bxd6 21. c5 Bc7 22. c6 Be6 23. Nc3 O-O 24. Rd1 Qc5 25. Ncd5 Qxc2 26. Nxf6+ Kg7 27. Nxc2 Bxb3 28. Nd7 Bxc2 29. Rd2 Rfd8 30. Rxc2 f6 31. Be3 h5 32. Bb6 Rac8 33. Bxc7 Rxc7 34. Rac1 Kf7 35. Kg1 Ke7 36. Kf2 Kf7 37. Ke3 Ke7 38. Ke4 Kf7 39. Kd5 Ke7 40. b3 Rdc8 41. b4 Rd8 42. Kc5 Ra8 43. Kb6 Rcc8 44. Kc5 Rc7 45. Nb6 Rac8 46. Nd5+ Kf7 47. Nxc7 Rxc7 48. Kb6 Rc8 49. c7 e4 50. Kb7 Rxc7+ 51. Rxc7+ Ke6 52. fxe4 Ke5 53. Re7+ Kf4 54. Kxa6 h4 55. Kxb5 h3 56. g3+ Kg5 57. Kc5 f5 58. b5 fxe4 59. b6 e3 60. b7 e2 61. b8=Q Kh6 62. Qf4+ {[%emt 0:01:10] normal} 1-0

[Event "DVM U12 2019"]
[Site "Magedburg"]
[Date "2019.12.29"]
[Round "6"]
[White "Spranger, Tobias"]
[Black "Adelmeyer, Nelly"]
[Result "0-1"]
[ECO "A38"]
[WhiteElo "1390"]
[BlackElo "1453"]
[Annotator "NA"]
[PlyCount "100"]
[EventDate "2019.12.27"]
[EventType "team-tourn"]
[EventRounds "7"]
[EventCountry "GER"]
[SourceTitle "playchess.com"]
[Source "ChessBase"]
[SourceQuality "1"]
[WhiteTeam "SV Empor Berlin"]
[BlackTeam "SV Roter Turm Halle"]
[WhiteTeamCountry "GER"]
[BlackTeamCountry "GER"]
[TimeControl "40/5400+30:1800+30"]

1. c4 c5 2. Nc3 Nc6 3. g3 Nf6 4. Bg2 g6 5. Nf3 Bg7 6. O-O O-O 7. d3 Qb6 8. Na4 Qc7 9. Nxc5 d6 10. Nb3 Nd7 11. e4 Nde5 12. Nxe5 Nxe5 13. f4 Nc6 14. Qe2 Nd4 15. Nxd4 Bxd4+ 16. Be3 Bg7 17. Rae1 Bd7 18. Qf2 a6 19. c5 Bb5 20. Rd1 Rfd8 21. cxd6 Rxd6 22. e5 Rxd3 23. Rxd3 Bxd3 24. Rc1 Qa5 25. a3 Qa4 26. Bxb7 Rb8 27. Bf3 Be4 28. Bd1 Qb5 29. b4 Qd5 30. Ba4 Rd8 31. Qe2 Bd3 32. Qe1 Qa2 33. Bb6 Rb8 34. Qc3 Be4 35. Bf2 Bf8 36. Re1 Bd5 37. Qe3 e6 38. Qd3 Bc4 39. Qe3 Bxb4 40. Qd4 Bxe1 41. Bxe1 Bd5 42. Bf2 Qxa3 43. Bd1 Rb1 44. Be1 Qc1 45. Kf1 Qxd1 46. Qf2 Bc4+ 47. Kg1 Qxe1+ 48. Qxe1 Rxe1+ 49. Kf2 Rb1 50. Ke3 a5 {[%emt 0:00:00] normal} 0-1

[Event "DVM U12 2019"]
[Site "Magedburg"]
[Date "2019.12.29"]
[Round "6"]
[White "Struebel, Tobias"]
[Black "Lieske, Aaron"]
[Result "0-1"]
[ECO "D50"]
[WhiteElo "1379"]
[BlackElo "1493"]
[Annotator "NA"]
[PlyCount "76"]
[EventDate "2019.12.27"]
[EventType "team-tourn"]
[EventRounds "7"]
[EventCountry "GER"]
[SourceTitle "playchess.com"]
[Source "ChessBase"]
[SourceQuality "1"]
[WhiteTeam "Schachzentrum Bemerode"]
[BlackTeam "SC Kreuzberg"]
[WhiteTeamCountry "GER"]
[TimeControl "40/5400+30:1800+30"]

1. d4 d5 2. c4 e6 3. Nc3 Nf6 4. Bg5 c6 5. e3 Bb4 6. Qb3 Bxc3+ 7. bxc3 O-O 8. cxd5 cxd5 9. c4 Qa5+ 10. Ke2 Ne4 11. Nf3 f6 12. Bf4 g5 13. Bxb8 g4 14. Qc2 gxf3+ 15. gxf3 Nc3+ 16. Kd3 Rxb8 17. Qxc3 Qa4 18. Qb3 Qc6 19. Bg2 b6 20. cxd5 exd5 21. Rhg1 Kh8 22. f4 Ba6+ 23. Kd2 Bc4 24. Qc2 b5 25. Bf1 Rg8 26. Rxg8+ Rxg8 27. Rc1 Rg1 28. f3 Qe6 29. Bh3 Qxh3 30. Rxg1 Qxh2+ 31. Kc3 Qxg1 32. Qf5 Qxe3+ 33. Kc2 Qf2+ 34. Kc3 Qxf3+ 35. Kb4 Qe4 36. Qxf6+ Kg8 37. Qd8+ Kf7 38. Qd7+ Qe7+ {[%emt 0:00:20] normal} 0-1

[Event "DVM U12 2019"]
[Site "Magedburg"]
[Date "2019.12.29"]
[Round "6"]
[White "Spinka, Georg Kamil"]
[Black "Freude, Paul"]
[Result "0-1"]
[ECO "D02"]
[WhiteElo "1338"]
[BlackElo "1491"]
[Annotator "NA"]
[PlyCount "108"]
[EventDate "2019.12.27"]
[EventType "team-tourn"]
[EventRounds "7"]
[EventCountry "GER"]
[SourceTitle "playchess.com"]
[Source "ChessBase"]
[SourceQuality "1"]
[WhiteTeam "SV Roter Turm Halle"]
[BlackTeam "SV Empor Berlin"]
[BlackTeamCountry "GER"]
[TimeControl "40/5400+30:1800+30"]

1. d4 Nf6 2. Bf4 d5 3. Nf3 c5 4. dxc5 Nc6 5. c3 e6 6. e3 Bxc5 7. Nbd2 O-O 8. Bd3 Bd7 9. Qc2 h6 10. h3 Rc8 11. g4 Re8 12. g5 hxg5 13. Nxg5 e5 14. Bg3 e4 15. Be2 a6 16. Nb3 Ba7 17. Bf4 Bb8 18. Bxb8 Rxb8 19. Qd2 Qe7 20. h4 Be6 21. Nxe6 Qxe6 22. h5 Qd6 23. f3 Qg3+ 24. Kd1 exf3 25. Bd3 f2 26. Rf1 Qxe3 27. Kc2 Qxd2+ 28. Kxd2 Nxh5 29. Rxf2 g6 30. Raf1 Re7 31. Rg2 Rbe8 32. Rf5 Kh8 33. Rf1 Ne5 34. Rgf2 Nxd3 35. Kxd3 f6 36. Rh2 Kg7 37. Kd4 Re5 38. Nc5 Ng3 39. Rff2 Nf5+ 40. Kd3 Re3+ 41. Kc2 R8e7 42. Rd2 R3e5 43. Rh3 Ne3+ 44. Kb3 Nc4 45. Rd4 Rc7 46. Nd3 Re3 47. Rxe3 Nxe3 48. Nf4 g5 49. Nxd5 Nxd5 50. Rxd5 g4 51. Rd3 Kg6 52. Kc2 Kg5 53. Kd2 Re7 54. Rd5+ f5 {[%emt 0:00:00] normal} 0-1

[Event "DVM U12 2019"]
[Site "Magedburg"]
[Date "2019.12.29"]
[Round "6"]
[White "Koulouris, Fabian"]
[Black "Bangiev, Anton"]
[Result "0-1"]
[ECO "B07"]
[WhiteElo "1261"]
[BlackElo "1431"]
[Annotator "NA"]
[PlyCount "59"]
[EventDate "2019.12.27"]
[EventType "team-tourn"]
[EventRounds "7"]
[EventCountry "GER"]
[SourceTitle "playchess.com"]
[Source "ChessBase"]
[SourceQuality "1"]
[WhiteTeam "SC Kreuzberg"]
[BlackTeam "Schachzentrum Bemerode"]
[BlackTeamCountry "GER"]
[TimeControl "40/5400+30:1800+30"]

1. e4 d6 2. d4 Nf6 3. Nc3 g6 4. Bg5 Bg7 5. Qd2 O-O 6. O-O-O Nc6 7. f3 e5 8. d5 Ne7 9. g4 a6 10. h4 Bh8 11. h5 b5 12. Qh2 Kg7 13. hxg6 fxg6 14. Bxf6+ Kxf6 15. Qh4+ Kf7 16. Qxh7+ Bg7 17. Qh3 Bd7 18. Nge2 b4 19. Nb1 a5 20. Qg3 g5 21. Rh5 Ng6 22. c4 Qc8 23. Rxg5 Bh6 24. Qh2 Bxg5+ 25. f4 Rh8 26. Qf2 Nxf4 27. c5 Ke8 28. c6 Nd3+ 29. Kc2 Nxf2 30. Re1 {[%emt 0:00:08] normal} 0-1

[Event "DVM U12 2019"]
[Site "Magedburg"]
[Date "2019.12.29"]
[Round "6"]
[White "Rumpold, Jaron"]
[Black "Monninkhoff, Yari"]
[Result "1/2-1/2"]
[ECO "A51"]
[WhiteElo "1123"]
[BlackElo "1272"]
[Annotator "NA"]
[PlyCount "69"]
[EventDate "2019.12.27"]
[EventType "team-tourn"]
[EventRounds "7"]
[EventCountry "GER"]
[SourceTitle "playchess.com"]
[Source "ChessBase"]
[SourceQuality "1"]
[WhiteTeam "SV Roter Turm Halle"]
[BlackTeam "SV Empor Berlin"]
[WhiteTeamCountry "GER"]
[BlackTeamCountry "GER"]
[TimeControl "40/5400+30:1800+30"]

1. d4 Nf6 2. c4 e5 3. d5 Bc5 4. Nf3 d6 5. Nc3 Bf5 6. Bg5 h6 7. Bxf6 Qxf6 8. e4 Bh7 9. Be2 Nd7 10. O-O O-O 11. a3 a6 12. Qc2 Qe7 13. b4 Bd4 14. Bd3 Bxc3 15. Qxc3 f5 16. Qc2 f4 17. Rfc1 g5 18. h3 h5 19. Nh2 Qg7 20. Qe2 Nf6 21. f3 Kh8 22. c5 Rg8 23. cxd6 cxd6 24. Rc2 g4 25. hxg4 hxg4 26. fxg4 Nxg4 27. Nxg4 Qxg4 28. Qxg4 Rxg4 29. Rc7 Rag8 30. Ra2 f3 31. Rxb7 Bxe4 32. Bxe4 Rxe4 33. Rf7 Re3 34. a4 Rb3 35. Rf6 {[%emt 0:05:35] normal} 1/2-1/2

[Event "DVM U12 2019"]
[Site "Magedburg"]
[Date "2019.12.30"]
[Round "7"]
[White "Kageler, Anton Paul"]
[Black "Bungarten, Jona"]
[Result "0-1"]
[ECO "C90"]
[WhiteElo "1777"]
[BlackElo "1750"]
[Annotator "NA"]
[PlyCount "110"]
[EventDate "2019.12.27"]
[EventType "team-tourn"]
[EventRounds "7"]
[EventCountry "GER"]
[SourceTitle "playchess.com"]
[Source "ChessBase"]
[SourceQuality "1"]
[WhiteTeam "SV Roter Turm Halle"]
[BlackTeam "SF Brackel"]
[WhiteTeamCountry "GER"]
[BlackTeamCountry "GER"]
[TimeControl "40/5400+30:1800+30"]

1. e4 e5 2. Nf3 Nc6 3. Bb5 Nf6 4. d3 d6 5. c3 Be7 6. O-O O-O 7. Re1 a6 8. Ba4 b5 9. Bb3 Na5 10. Bc2 c5 11. Nbd2 Nc6 12. Nf1 d5 13. exd5 Qxd5 14. Bb3 Qd6 15. Ng3 Rd8 16. h3 Qxd3 17. Qxd3 Rxd3 18. Nxe5 Nxe5 19. Rxe5 Bd6 20. Re3 Rxe3 21. Bxe3 c4 22. Bc2 Be6 23. Ne4 Nxe4 24. Bxe4 Rd8 25. Bd4 Bc7 26. Kf1 a5 27. Ke2 Bd5 28. Bxd5 Rxd5 29. Rd1 f5 30. g3 g6 31. Be3 Rxd1 32. Kxd1 Kf7 33. Bd4 Ke6 34. Ke2 Kd5 35. Ke3 b4 36. f4 Bd6 37. h4 a4 38. cxb4 Bxb4 39. Bc3 a3 40. Kf3 axb2 41. Bxb2 Be1 42. Bf6 c3 43. Ke2 c2 44. Bb2 Bxg3 45. Kd2 c1=Q+ 46. Kxc1 Bxf4+ 47. Kd1 Be5 48. Bc1 Bf6 49. Ke2 Bxh4 50. a4 Bd8 51. Kf3 g5 52. a5 Kc5 53. Bd2 Kb5 54. Kg3 h6 55. Kf3 Bxa5 {[%emt 0:00:13] normal} 0-1

[Event "DVM U12 2019"]
[Site "Magedburg"]
[Date "2019.12.30"]
[Round "7"]
[White "Hecht, Jonas Christian"]
[Black "Fuhrmann, Bahne"]
[Result "1-0"]
[ECO "C45"]
[WhiteElo "1754"]
[BlackElo "1603"]
[Annotator "NA"]
[PlyCount "55"]
[EventDate "2019.12.27"]
[EventType "team-tourn"]
[EventRounds "7"]
[EventCountry "GER"]
[SourceTitle "playchess.com"]
[Source "ChessBase"]
[SourceQuality "1"]
[WhiteTeam "SC Kreuzberg"]
[BlackTeam "Hamburger SK"]
[BlackTeamCountry "GER"]
[TimeControl "40/5400+30:1800+30"]

1. e4 e5 2. Nf3 Nc6 3. d4 exd4 4. Nxd4 Bc5 5. Nxc6 Qf6 6. Qd2 dxc6 7. Nc3 Bd7 8. Bd3 O-O-O 9. O-O Ne7 10. Kh1 h5 11. f4 g6 12. a4 Bb4 13. Qf2 b6 14. Be3 Bxc3 15. bxc3 Kb8 16. Bd4 Qe6 17. Bxh8 Rxh8 18. Rfb1 Ka8 19. a5 c5 20. axb6 cxb6 21. e5 Bc8 22. Be4+ Bb7 23. Bxb7+ Kxb7 24. Qxc5 Rd8 25. Rxa7+ Kxa7 26. Qc7+ Ka6 27. Qxd8 {[%emt 0:00:09] normal} Nc8 {[%emt 0:02:05] normal} 28. Qc7 {[%emt 0:01:53] normal} 1-0